 Dungeon Crawl Stone Soup version 0.31-a0-154-g56bf346678 (webtiles) character file.

Game seed: 1957728808232356744

30 quinnr the Gusty (level 3, -1/16 HPs)
             Began as a Vine Stalker Air Elementalist on June 11, 2023.
             Slain by a gnoll
             ... wielding a +0 halberd
              (13 damage)
             ... on level 2 of the Dungeon.
             The game lasted 00:01:27 (425 turns).

quinnr the Gusty (Vine Stalker Air Elementalist)     Turns: 425, Time: 00:01:27

Health: -1/16      AC:  2    Str: 10    XL:     3   Next: 18%
Magic:  0/7        EV: 12    Int: 17    God:
Gold:   0          SH:  0    Dex: 14    Spells: 5/6 levels left

rFire   . . .        (no weapon)
rCold   . . .        (no shield)
rNeg    . . .        a - +0 robe
rPois   .            (no helmet)
rElec   .            (no cloak)
rCorr   .            (no gloves)
SInv    .            (no boots)
Will    .....        (no amulet)
Stlth   ++           (no ring)
HPRegen 0.22/turn    (no ring)
MPRegen 0.10/turn

%: guardian spirit
@: no status effects
A: fangs 2, magic shield, antimagic bite, no potion heal 2
a: no special abilities


You were on level 2 of the Dungeon.
You visited 1 branch of the dungeon, and saw 2 of its levels.


Innate Abilities, Weirdness & Mutations

You have extremely sharp teeth.
When hurt, damage is shared between your health and your magic reserves.
Your bite disrupts and absorbs the magic of your enemies.
Potions cannot restore your health.


   Skills:
 - Level 1.5 Dodging
 - Level 2.4 Stealth
 - Level 2.1 Spellcasting
 - Level 1.0 Conjurations
 + Level 4.2 Air Magic


You had 5 spell levels left.
You knew the following spells:

 Your Spells              Type           Power      Damage    Failure   Level
z - Shock                 Conj/Air       40%        1d5       6%          1

Your spell library contained the following spells:

 Spells                   Type           Power      Damage    Failure   Level
 Static Discharge         Conj/Air       20%        2-3/arc   10%         2
 Swiftness                Air            16%        N/A       10%         3
 Airstrike                Air            8%         2d(2-18)  32%         4

Inventory:

Missiles
 c - 4 boomerangs
Armour
 a - a +0 robe (worn)
 g - a +0 troll leather armour
Scrolls
 d - a scroll of identify {unknown}
 e - a scroll of teleportation {unknown}
Potions
 b - a potion of magic
 f - a potion of heal wounds {unknown}

Dungeon Overview and Level Annotations

Branches:
Dungeon (2/15)

Altars:

#.... #.....#..# #.#
.... ##.......# #.# ..#
##.#.#### #.# #.###..#.#
#.# #..#.#.#.##### #.#
#....[#.##.......#####.#
#.#####g####...........#
#)# #####.####..# #@#
######.).##.[#
..........<........†...#
..#####.##########.##).#
#.# #.##... #.# #.###.#
..# #.# #.. ### #.# #.#
#.# #.# ..# #.#


You could see a gnoll.


Message History

The zap misses the gnoll.
The zap hits the gnoll.
The gnoll is lightly wounded.
The zap hits the gnoll but does no damage.
The gnoll is heavily wounded.
Unknown command.
Casting: Shock (safe; 8% risk of failure)
Confirm with . or Enter, or press ? or * to list all spells.
Aiming: Shock (safe; 8% risk of failure)
Press: ? - help, Shift-Dir - straight line, f/p - gnoll
Aim: a gnoll, wielding a +0 whip and wearing a +0 leather armour (heavily wounded, 72% to hit)
The zap hits the gnoll.
The gnoll is almost dead.
The zap misses the gnoll.
The zap hits the gnoll.
The gnoll is lightly wounded.
The zap hits the gnoll.
You kill the gnoll!
The gnoll barely misses you.
You have reached level 3!
Your experience leads to an increase in your attributes!
Increase (S)trength, (I)ntelligence, or (D)exterity?
You feel clever. x2
Casting: Shock (safe; 6% risk of failure)
Confirm with . or Enter, or press ? or * to list all spells.
You don't have enough magic to cast this spell.
Unknown command.
Unknown command.
The gnoll hits you from afar with a +0 halberd.
The gnoll hits you from afar with a +0 halberd!
Ouch! That really hurt!
You die...

Skill      XL: |  1  2 |
---------------+-------+-----
Air Magic      | 4 |  4.2
Dodging        | |  1.5
Stealth        | |  2.4
Spellcasting   | |  2.1
Conjurations   | |  1.0

Action                     || total
---------------------------++-------
  Melee: Unarmed           ||     3
         Bite              ||     2
   Cast: Shock             ||    25
 Armour: Robe              ||     2
  Dodge: Dodged            ||     4

Levels and vault maps discovered:
D:1:      reono_arrival_forest_river, layout_basic,
          ebering_ecumenical_altar_petrified
D:2:      layout_loops_ring, basic_altar

Notes
Turn   | Place    | Note
-------+----------+-------------------------------------------
     0 | D:1      | quinnr the Vine Stalker Air Elementalist began the quest
                  | for the Orb.
     0 | D:1      | Reached XP level 1. HP: 9/9 MP: 4/4
   133 | D:2      | Reached XP level 2. HP: 5/13 MP: 0/6
   403 | D:2      | Reached skill level 4 in Air Magic
   424 | D:2      | Reached XP level 3. HP: 16/16 MP: 0/7
   425 | D:2      | Slain by a gnoll

Vanquished Creatures
  An adder (D:2)
  A gnoll (D:2)
  A hobgoblin (D:2)
  4 jackals (D:2)
  2 kobolds
  A bat (D:2)
  A goblin (D:2)
  A rat (D:1)
12 creatures vanquished.

Table legend: (Time is in decaauts)
 A = Elapsed time spent in this place.
 B = Non-inter-level travel time spent in this place.
 C = Inter-level travel time spent in this place.
 D = Time resting spent in this place.
 E = Time spent auto-exploring this place.
 F = Levels seen in this place.
 G = Mean time per level.
                   A        B        C        D        E       F      G
               +--------+--------+--------+--------+--------+-----+--------+
         Total |    428 |    417 |     11 |     54 |    292 |   2 |  214.0 |
       Dungeon |    428 |    417 |     11 |     54 |    292 |   2 |  214.0 |
               +--------+--------+--------+--------+--------+-----+--------+

Top non-repeatable levels by time:
     D:2: 254 daAuts
     D:1: 174 daAuts

Table legend:
 A = Non-vault XP
 B = Vault XP
 C = Vault XP percentage of total XP
 D = Non-vault monster count
 E = Vault monster count
 F = Vault count percentage of total count
                 A         B        C        D         E       F
            +---------+---------+-------+---------+---------+-------
      Total |      43 |       0 |   0.0 |      12 |       0 |   0.0
            +---------+---------+-------+---------+---------+-------
        D:1 |       3 |       0 |   0.0 |       2 |       0 |   0.0
        D:2 |      40 |       0 |   0.0 |      10 |       0 |   0.0
            +---------+---------+-------+---------+---------+-------

Levels and vault maps discovered:
D:1:      reono_arrival_forest_river, layout_basic,
          ebering_ecumenical_altar_petrified
D:2:      layout_loops_ring, basic_altar
